 Dungeon Crawl Stone Soup version 0.23.2-30-g0e89c35649 (webtiles) character file.

Game seed: 8963748943365401583

2793 TrebMcFLY the Cleaver (level 9, -1/82 HPs)
             Began as a Deep Dwarf Fighter on June 8, 2019.
             Was a Priest of Makhleb.
             Slain by a shadow (15 damage)
             ... on level 9 of the Dungeon.
             The game lasted 00:30:37 (6136 turns).

TrebMcFLY the Cleaver (Deep Dwarf Fighter)          Turns: 6136, Time: 00:30:38

Health: -1/82      AC: 17    Str: 24    XL:     9   Next: 43%
Magic:  12/12      EV:  3    Int:  8    God:    Makhleb [***...]
Gold:   242        SH: 16    Dex: 12    Spells: 8/8 levels left

rFire    + . .     SeeInvis .   a - +1 war axe
rCold    + . .     Gourm    .   B - +0 large shield
rNeg     . . .     Faith    .   J - +0 plate armour
rPois    .         Spirit   .   (no helmet)
rElec    .         Reflect  .   y - scarf {rC+ rF+}
rCorr    +         Harm     .   t - +2 pair of gloves
MR       +....                  m - +0 pair of boots
Stlth    ..........             (no amulet)
HPRegen  0.00/turn              u - ring of resist corrosion
MPRegen  0.13/turn              (no ring)

@: non-regenerating
A: damage resistance, heal wounds, sense surroundings 2, no regeneration
a: Heal Wounds, Minor Destruction, Lesser Servant of Makhleb, Renounce Religion


You were on level 9 of the Dungeon.
You worshipped Makhleb.
Makhleb was most pleased with you.
You were not hungry.

You visited 2 branches of the dungeon, and saw 10 of its levels.

You collected 275 gold pieces.
You spent 33 gold pieces at shops.

Inventory:

Hand Weapons
 a - a +1 war axe (weapon)
 E - a +3 flail
 F - a +0 hand crossbow
Armour
 m - a +0 pair of boots (worn)
 t - a +2 pair of gloves (worn)
 y - a scarf of resistance (worn)
 B - a +0 large shield (worn)
 J - a +0 plate armour (worn)
Jewellery
 u - a ring of resist corrosion (left hand)
Wands
 H - a wand of polymorph (8)
 I - a wand of scattershot (7)
Scrolls
 e - 4 scrolls of teleportation
 i - 2 scrolls of blinking
 j - 3 scrolls of identify
 n - a scroll of immolation {unknown}
 o - a scroll of enchant armour {unknown}
 p - 4 scrolls of enchant weapon
 r - 2 scrolls of fear {unknown}
 s - 2 scrolls of fog {unknown}
 x - 2 scrolls of remove curse {unknown}
 A - 2 scrolls of random uselessness {unknown}
 D - a scroll of torment {unknown}
Potions
 b - a potion of mutation {unknown}
 d - 2 potions of might
 g - a potion of invisibility {unknown}
 h - 3 potions of agility
 k - 5 potions of curing
 l - a potion of brilliance {unknown}
 q - 2 potions of lignification
 v - 2 potions of heal wounds
 z - a potion of berserk rage {unknown}
 C - a potion of ambrosia
Comestibles
 f - 8 rations
 G - 9 chunks of flesh


   Skills:
 + Level 5.7 Fighting
 * Level 8.9 Axes
 + Level 6.4 Armour
 + Level 6.3 Shields
 + Level 6.0 Invocations
 + Level 2.4 Evocations


You had 8 spell levels left.
You didn't know any spells.
Your spell library contained the following spells:

 Spells                   Type           Power        Failure   Level  Hunger
 Infusion                 Chrm           #...         100%        1    ##.....
 Shroud of Golubria       Chrm/Tloc      #.........   100%        2    ###....
 Song of Slaying          Chrm           #.......     100%        2    ###....
 Spectral Weapon          Hex/Chrm       #.......     100%        3    ####...
 Regeneration             Chrm/Necr      Unusable     N/A         3    N/A

Dungeon Overview and Level Annotations

Branches:
Dungeon (9/15)             Temple (1/1) D:5
   Lair: D:8-11         Orc: D:9-12

Altars:
Ashenzari
Cheibriados
Dithmenos
Elyvilon
Fedhas
Gozag
Hepliaklqana
Kikubaaqudgha
Makhleb
Nemelex Xobeh
Okawaru
Qazlal
Ru
Sif Muna
Trog
Uskayaw
Vehumet
Wu Jian
Xom
Yredelemnul
Zin
The Shining One

Shops:
D:4 *   D:7 }   D:9 }

Annotations:
D:3 2 runed translucent doors, DKeggars's ghost, amateur MiFi
D:7 Menkaure


Innate Abilities, Weirdness & Mutations

You are resistant to damage.
You can heal yourself by infusing magical energy.
You passively map the area around you.
You do not regenerate.


Message History

The shadow flickers and vanishes!
Deactivating autopickup; reactivate with Ctrl-A.
You hit the orc warrior.
The orc warrior is lightly wounded.
You slash something! You block the orc warrior's attack.
The shadow strikes at you from the darkness!
* * * LOW HITPOINT WARNING * * *
Reactivating autopickup.
You slash the orc warrior!
The orc warrior is heavily wounded.
You closely miss the shadow.
The orc warrior hits you with a +0 long sword!
* * * LOW HITPOINT WARNING * * *
The shadow slips into darkness.
The shadow flickers and vanishes!
Deactivating autopickup; reactivate with Ctrl-A.
Press: ? - help, Shift-Dir - straight line Nothing appears to happen.
The shadow strikes at you from the darkness!
You die...

* **############* * ,
........... , ,
..........#** * * *
*..........#
..........####### * *
* , ,
,?......)......... ,
, .......@)........ ,
, ,,
.......o{).......
.........)......., ,
** .................
,, , ,,
.................,,,
,
,..#####..........***
* * * *., #..........
#..........
#........##


You could see an orc warrior.

Vanquished Creatures
  Prince Ribbit (D:7)
  An ice beast (D:5)
  2 ogres
  2 centaurs
  Blork the orc (D:6)
  2 big kobolds (D:7)
  2 bullfrogs (D:8)
  5 scorpions
  2 killer bees (D:8)
  8 wights (D:8)
  3 howler monkeys
  2 crimson imps
  2 hounds
  A jelly (D:9)
  5 orc wizards
  2 orc priests
  A centaur skeleton (D:5)
  Jessica (D:3)
  A bullfrog skeleton (D:7)
  An iguana (D:9)
  4 worker ants
  A hound zombie (D:7)
  A hound skeleton (D:8)
  7 adders
  A shadow imp (D:5)
  2 oozes
  An adder skeleton (D:7)
  An adder zombie (D:5)
  5 worms
  A dart slug (D:2)
  5 leopard geckos
  21 orcs
  2 giant cockroaches
  9 hobgoblins
  16 jackals
  13 kobolds
  5 quokkas
  A ball python zombie (D:2)
  11 bats
  3 frilled lizards
  10 goblins
  A leopard gecko zombie (D:8)
  8 rats
174 creatures vanquished.

Vanquished Creatures (collateral kills)
  A hippogriff (D:8)
  A hungry ghost (D:8)
  An orc warrior (D:8)
  A killer bee (D:8)
4 creatures vanquished.

Grand Total: 178 creatures vanquished

Notes
Turn   | Place    | Note
-------+----------+-------------------------------------------
     0 | D:1      | TrebMcFLY the Deep Dwarf Fighter began the quest for the
                  | Orb.
     0 | D:1      | Reached XP level 1. HP: 20/20 MP: 1/1
    99 | D:1      | Reached XP level 2. HP: 27/27 MP: 2/2
   258 | D:1      | Reached skill level 3 in Axes
   452 | D:1      | Reached XP level 3. HP: 31/34 MP: 3/3
   936 | D:2      | Reached skill level 4 in Axes
  1111 | D:2      | Reached XP level 4. HP: 20/42 MP: 4/4
  1216 | D:2      | Found a faded altar of an unknown god.
  1342 | D:2      | Found a burning altar of Makhleb.
  1364 | D:2      | Became a worshipper of Makhleb the Destroyer
  1431 | D:2      | Found a stormy altar of Qazlal.
  1500 | D:2      | Found a shadowy altar of Dithmenos.
  1619 | D:3      | Noticed Jessica
  1628 | D:3      | Killed Jessica
  1628 | D:3      | Reached XP level 5. HP: 42/49 MP: 5/5
  1645 | D:3      | Found a radiant altar of Vehumet.
  1690 | D:3      | Found a shimmering altar of Xom.
  1827 | D:3      | Found a runed translucent door.
  1830 | D:3      | Noticed DKeggars's ghost (amateur MiFi)
  1868 | D:3      | Found a runed translucent door.
  2013 | D:3      | Found a hazy altar of Hepliaklqana.
  2363 | D:4      | Noticed an ogre
  2423 | D:4      | Found Buwe's General Store.
  2434 | D:4      | Bought a scroll of teleportation for 33 gold pieces
  2441 | D:4      | Reached * piety under Makhleb
  2523 | D:4      | Reached skill level 5 in Axes
  2523 | D:4      | Reached skill level 1 in Invocations
  2525 | D:4      | Found a sacrificial altar of Ru.
  2534 | D:4      | Reached XP level 6. HP: 49/57 MP: 6/6
  3215 | D:5      | Entered Level 5 of the Dungeon
  3230 | D:5      | Found a staircase to the Ecumenical Temple.
  3262 | Temple   | Entered the Ecumenical Temple
  3533 | D:4      | Reached XP level 7. HP: 39/64 MP: 8/8
  3692 | D:5      | Reached ** piety under Makhleb
  3692 | D:5      | Reached skill level 6 in Axes
  4057 | D:6      | Found an opulent altar of Gozag.
  4150 | D:6      | Noticed Blork the orc
  4169 | D:6      | Killed Blork the orc
  4175 | D:6      | Found a glowing silver altar of Zin.
  4245 | D:6      | Found an ornate altar of the Wu Jian Council.
  4709 | D:7      | Reached skill level 5 in Armour
  4732 | D:7      | Reached XP level 8. HP: 34/73 MP: 10/10
  4841 | D:7      | Noticed Prince Ribbit
  4895 | D:7      | Reached skill level 7 in Axes
  4895 | D:7      | Reached skill level 5 in Shields
  5018 | D:7      | Killed Prince Ribbit
  5064 | D:7      | Reached skill level 5 in Fighting
  5111 | D:7      | Found Qoxaxun's Gadget Shoppe.
  5163 | D:7      | Noticed Menkaure
  5413 | D:8      | Reached skill level 5 in Invocations
  5417 | D:8      | Reached skill level 8 in Axes
  5472 | D:8      | Reached *** piety under Makhleb
  5548 | D:8      | Gained mutation: You passively map the area around you.
                  | [Deep Dwarf growth]
  5548 | D:8      | Reached XP level 9. HP: 58/81 MP: 10/12
  5923 | D:9      | Reached skill level 1 in Evocations
  6021 | D:9      | Found Zias's Gadget Shop.
  6136 | D:9      | Slain by a shadow

Skill      XL: |  1  2  3  4  5  6  7  8  9 |
---------------+----------------------------+-----
Axes           | 3 4 5 6 8 |  8.9
Fighting       | 3 4 5 |  5.7
Invocations    | 1 2 3 5 6 |  6.0
Armour         | 4 5 6 |  6.4
Shields        | 4 5 6 |  6.3
Evocations     | 2 |  2.4

Action                   |  1- 3 |  4- 6 |  7- 9 || total
-------------------------+-------+-------+-------++-------
Melee: War axe           |   138 |   171 |   389 ||   698
Invok: Minor Destruction |       |       |    24 ||    24
       Lesser Servant of |       |       |     3 ||     3
 Abil: Heal Wounds       |       |     1 |     3 ||     4
  Use: Scroll            |       |       |     7 ||     7
  Eat: Chunk             |     1 |     8 |     9 ||    18
Armor: Scale mail        |    62 |    29 |       ||    91
       Chain mail        |       |    50 |   157 ||   207
       Plate armour      |       |       |    37 ||    37
Dodge: Dodged            |    39 |    29 |    51 ||   119
Block: Shield            |    56 |    73 |    42 ||   171
       Large shield      |       |       |   244 ||   244
